AoeStats
← JaggedJimmyJay

Marketplace

506074720Analyzed
1v1 RM · 21d ago on Sep 12, 2026· 52m 17s· 2 players
Game mode
Random Map
Map size
Tiny (2 player)
Population
200
Speed
Normal
Resources
Standard
Victory
Conquest
Starting age
Dark Age
Ending age
Imperial Age
RankedLock teamsTeams togetherTeam positionsShared explorationLock speedFull tech treeHidden civsTurbo modeCheats
Victory
Defeat
🇬🇧 Burgundians · United Kingdom
1070
+15
🇺🇸 Bulgarians · United States
1047
-15
JaggedJimmyJay
3:53 Loom
10:39 Feudal Age
12:32 Arson
15:40 Scale Mail Armor
17:55 Double-Bit Axe
22:59 Castle Age
21:44 Gold Mining
22:20 Stone Mining
23:41 Scale Barding Armor
23:29 Fletching
24:53 Padded Archer Armor
27:29 Horse Collar
28:19 Squires
27:42 Pikeman
36:25 Elite Skirmisher
38:01 Wheelbarrow
37:15 Town Watch
44:47 Imperial Age
46:16 Halberdier
46:59 Squires
48:56 Forging
48:42 Bodkin Arrow
50:28 Iron Casting
49:54 Bracer
50:17 Chain Mail Armor
Ninobliss
10:05 Feudal Age
8:22 Loom
10:10 Feudal Age
10:26 Double-Bit Axe
13:15 Horse Collar
16:33 Gold Mining
17:11 Town Watch
22:19 Castle Age
20:46 Fletching
21:08 Stone Mining
22:09 Scale Barding Armor
22:26 Scale Barding Armor
27:04 Bow Saw
27:07 Forging
28:22 Bodkin Arrow
29:28 Padded Archer Armor
30:01 Chain Barding Armor
34:11 Wheelbarrow
40:03 Imperial Age
38:18 Padded Archer Armor
39:48 Iron Casting
40:45 Leather Archer Armor
41:16 Husbandry
42:18 Blast Furnace
41:55 Plate Barding Armor
42:36 Blast Furnace
41:35 Cavalier
44:15 Heavy Plow
43:50 Paladin
50:19 Bracer
53:06 Conscription
Connection lost

Rejoining the realm…

Still unreachable

The connection could not be restored.

Session expired

The server has moved on; the page needs a fresh start.